 Dungeon Crawl Stone Soup version 0.30-a0-860-g512cf1e979 (webtiles) character file.

Game seed: 1845077694018109924

65 Newt the Shooter (level 4, -8/30 HPs)
             Began as a Kobold Hunter on Mar 7, 2023.
             Mangled by a gnoll
             ... wielding a +0 whip
              (9 damage)
             ... on level 2 of the Dungeon.
             The game lasted 00:01:02 (900 turns).

Newt the Shooter (Kobold Hunter)                     Turns: 900, Time: 00:01:03

Health: -8/30      AC:  4    Str:  7 (8)  XL:     4   Next: 34%
Magic:  4/4        EV: 14    Int:  8 (10) God:
Gold:   89         SH:  0    Dex: 19 (20) Spells: 3/3 levels left

rFire   . . .      SeeInvis .    a - +1 shortbow
rCold   . . .      Faith    .    (shield currently unavailable)
rNeg    . . .      Spirit   .    c - +0 leather armour
rPois   .          Reflect  .    (no helmet)
rElec   .          Rampage  .    (no cloak)
rCorr   .                        i - +0 pair of gloves
Will    +....                    (no boots)
Stlth   +++                      (no amulet)
HPRegen 0.25/turn                (no ring)
MPRegen 0.09/turn                (no ring)

@: flying
A: small, no large weapons, nightstalker 3, strong-willed 1, mutation resistance
1, MP-powered wands
a: no special abilities


You were on level 2 of the Dungeon.
You visited 1 branch of the dungeon, and saw 2 of its levels.

You collected 89 gold pieces.

Inventory:

Hand Weapons
 a - a +1 shortbow (weapon)
Armour
 c - a +0 leather armour (worn)
 i - a +0 pair of gloves (worn)
Scrolls
 b - 2 scrolls of immolation


   Skills:
 + Level 4.7 Fighting
 - Level 5.3 Ranged Weapons
 - Level 2.4 Dodging
 - Level 1.3 Stealth


You had 3 spell levels left.
You didn't know any spells.
Your spell library was empty.

Dungeon Overview and Level Annotations

Branches:
Dungeon (2/15)

Altars:


Innate Abilities, Weirdness & Mutations

You are small and have problems with some larger weapons.
You are completely attuned to the shadows.
You are strong-willed. (Will+)
You are somewhat resistant to further mutation.
You expend magic power (3 MP) to strengthen your wands.


Message History

You shoot an arrow. The arrow closely misses the gnoll.
The arrow completely misses the adder.
The gnoll closely misses you.
Unknown command.
You shoot an arrow. The arrow completely misses the gnoll.
The arrow hits the adder.
The adder is almost dead.
The gnoll hits you with a +0 club. The gnoll hits you but does no damage.
Unknown command.
You shoot an arrow. The arrow hits the gnoll.
The gnoll is severely wounded.
The gnoll hits you with a +0 club.
* * * LOW HITPOINT WARNING * * *
Unknown command.
You shoot an arrow. The arrow closely misses the gnoll.
The arrow hits the adder!
You kill the adder!
The gnoll barely misses you.
You have reached level 4!
You shoot an arrow. The arrow hits the gnoll!
You kill the gnoll!
The gnoll hits you but does no damage.
Unknown command.
You shoot an arrow. The arrow hits the gnoll.
The gnoll is moderately wounded.
The gnoll hits you with a +0 whip.
* * * LOW HITPOINT WARNING * * *
Unknown command.
You shoot an arrow. The arrow closely misses the gnoll.
The gnoll hits you with a +0 whip.
* * * LOW HITPOINT WARNING * * *
Unknown command.
It was a potion of flight.
You feel very buoyant.
You fly up into the air.
The gnoll hits you with a +0 whip.
* * * LOW HITPOINT WARNING * * *
It was a potion of mutation.
You feel extremely strange.
You feel your magical essence link to the dungeon's wands.
You feel genetically stable.
You feel strong-willed. The gnoll hits you with a +0 whip!
You die...

##.####
...#..#.#
##.....#.##
.......S.. #.
#.....r#
#.##.....#..
##..#g..###
....#g.#...
#..@###...
#...†.#...
####...# #....
#.#... .
##...#.#...###.
..#.#..#...#
###...###...#
#.......#...#
...###...###.


You could see 2 gnolls.

Vanquished Creatures
  An adder (D:2)
  2 gnolls (D:2)
  2 dart slugs
  An endoplasm (D:1)
  A giant cockroach (D:2)
  A goblin (D:1)
  5 hobgoblins
  5 kobolds
  2 quokkas
  4 ball pythons
  2 bats
  3 frilled lizards (D:1)
  3 rats (D:1)
32 creatures vanquished.

Notes
Turn   | Place    | Note
-------+----------+-------------------------------------------
     0 | D:1      | Newt the Kobold Hunter began the quest for the Orb.
     0 | D:1      | Reached XP level 1. HP: 12/12 MP: 1/1
   122 | D:1      | Reached XP level 2. HP: 18/18 MP: 2/2
   490 | D:1      | Reached XP level 3. HP: 17/23 MP: 3/3
   896 | D:2      | Reached XP level 4. HP: 7/30 MP: 4/4
   898 | D:2      | HP: 1/30 [gnoll/+0 whip (4)]
   900 | D:2      | Gained mutation: You expend magic power (3 MP) to
                  | strengthen your wands. [potion of mutation]
   900 | D:2      | Gained mutation: You are somewhat resistant to further
                  | mutation. [potion of mutation]
   900 | D:2      | Gained mutation: You are strong-willed. (Will+) [potion of
                  | mutation]
   900 | D:2      | Mangled by a gnoll

Illustrated notes

Levels and vault maps discovered:
D:1:      dpeg_arrival_simpleton_b, layout_basic
D:2:      layout_basic, shapermc_ecumenical_altar_pompeii, grunt_ministairs_13,
          serial_bayou_pond_c, nicolae_titane, uniq_jessica

Skill      XL: |  1  2  3 |
---------------+----------+-----
Fighting       | 3 4 |  4.7
Ranged Weapons | |  5.3
Dodging        | |  2.4
Stealth        | |  1.3

Action                     |  1- 3 |  4- 6 || total
---------------------------+-------+-------++-------
   Fire: Shortbow          |    72 |     3 ||    75
    Use: Scroll            |     3 |       ||     3
         Potion            |     2 |     2 ||     4
 Armour: Leather armour    |    12 |     1 ||    13
  Dodge: Dodged            |    45 |       ||    45

Table legend: (Time is in decaauts)
 A = Elapsed time spent in this place.
 B = Non-inter-level travel time spent in this place.
 C = Inter-level travel time spent in this place.
 D = Time resting spent in this place.
 E = Time spent auto-exploring this place.
 F = Levels seen in this place.
 G = Mean time per level.
                   A        B        C        D        E       F      G
               +--------+--------+--------+--------+--------+-----+--------+
         Total |    921 |    901 |     20 |      0 |    749 |   2 |  460.5 |
       Dungeon |    921 |    901 |     20 |      0 |    749 |   2 |  460.5 |
               +--------+--------+--------+--------+--------+-----+--------+

Top non-repeatable levels by time:
     D:1: 797 daAuts
     D:2: 124 daAuts
